 Dungeon Crawl Stone Soup version 0.32-a0-799-g95e1662365 (webtiles) character file.

Game seed: 9803584514967458193

952 ezpacito the Chopper (level 8, -4/61 HPs)
             Began as a Coglin Chaos Knight on Mar 21, 2024.
             Was a Plaything of Xom.
             Slain by Menkaure (13 damage)
             ... on level 4 of the Dungeon.
             The game lasted 00:05:10 (4317 turns).

ezpacito the Chopper (Coglin Chaos Knight)          Turns: 4317, Time: 00:05:11

Health: -4/61      AC: 13    Str: 13    XL:     8   Next: 14%
Magic:  10/10      EV:  6    Int: 17    God:    Xom [.....*]
Gold:   194        SH:  0    Dex: 12    Spells: 6/10 levels left

rFire   . . .        a - +0 hand axe (chaos) {Yae}
rCold   . . .        f - +0 spear {Consuela}
rNeg    . . .        j - +0 chain mail
rPois   .            (no helmet)
rElec   .            v - +0 cloak
rCorr   .            (no gloves)
SInv    .            t - +0 pair of boots
Will    .....        (amulet unavailable) Stlth
                     (ring unavailable)
HPRegen 0.30/turn    (ring unavailable)
MPRegen 0.12/turn    (no gizmo)

%: no passive effects
@: revved
A: off-hand wielding, slow wielding, warmup strikes, no jewellery, iridescent
scales 1, clever 1, mutation resistance 1, MP-powered wands
a: Invent Gizmo, Renounce Religion


You were on level 4 of the Dungeon.
You worshipped Xom.
You were Xom's teddy bear.
You visited 1 branch of the dungeon, and saw 5 of its levels.
You also visited: Sewer.

You collected 194 gold pieces.

Inventory:

Hand Weapons
 a - a +0 hand axe of chaos (weapon) {Yae}
 f - a +0 spear (offhand) {Consuela}
 u - a +1 hammer of distortion
Missiles
 g - 17 poisoned darts (quivered)
 q - 7 atropa-tipped darts
Armour
 j - a +0 chain mail (worn)
 t - a +0 pair of boots (worn)
 v - a +0 cloak (worn)
Magical Staves
 b - a staff of alchemy
Talismans
 m - a talisman of death
Wands
 o - a wand of paralysis (5)
Scrolls
 c - a scroll of butterflies
 d - a scroll of torment
Potions
 e - a potion of magic {unknown}
 h - 2 potions of haste
 i - 2 potions of brilliance
 k - a potion of might {unknown}
 n - a potion of mutation {unknown}
 p - 2 potions of lignification


   Skills:
 * Level 4.6 Fighting
 * Level 4.7(5.0) Axes
 + Level 2.0(3.4) Polearms
 * Level 3.8 Armour
 * Level 3.2 Dodging
 + Level 1.8 Stealth
 + Level 1.7 Spellcasting
 + Level 1.8 Alchemy
 + Level 2.5 Evocations


You had 6 spell levels left.
You knew the following spells:

 Your Spells              Type           Power      Damage    Failure   Level
a - Fulminant Prism       Conj/Alch      2%         3d5       100%        4

Your spell library contained the following spells:

 Spells                   Type           Power      Damage    Failure   Level
 Foxfire                  Conj/Fire      4%         2x1d4     98%         1
 Volatile Blastmotes      Fire/Tloc      2%         2d10      100%        3
 Iskenderun's Mystic Bla  Conj/Tloc      1%         2d3       100%        4
 Plasma Beam              Fire/Air       0%         2x1d10    100%        6
 Starburst                Conj/Fire      0%         6d3       100%        6


Dungeon Overview and Level Annotations

Branches:
Dungeon (5/15)              Sewer (visited)
 Temple: D:4-7

Altars:
Ashenzari
Xom
Yredelemnul

Annotations:
D:4 Menkaure


Innate Abilities, Weirdness & Mutations

You can wield a second weapon in your off-hand.
It takes a long time for you to wield or remove held weapons.
Your first few attacks do less damage.
You cannot equip rings or amulets.
You are partially covered in iridescent scales. (AC +2)
Your mind is acute. (Int +4, Str/Dex -1)
You are somewhat resistant to further mutation.
You expend magic power (3 MP) to strengthen your wands.


Message History

Menkaure calls on the powers of darkness!
The orc wizard convulses!
Your body is wracked with pain!
The orc convulses! x2
You climb upwards.
There is a stone staircase leading down here.
You take 29 damage, and have 32/61 hp.
MASSIVE DAMAGE!!
You hit Menkaure with your +0 spear.
Menkaure is lightly damaged.
You hit Menkaure but do no damage. You hit the orc but do no damage.
The orc suddenly seems more resistant.
The orc hits you with a +0 flail. Menkaure hits you.
You take 7 damage, and have 25/61 hp.
You hit Menkaure with your +0 spear.
Menkaure is moderately damaged.
You hit Menkaure but do no damage.
You closely miss the orc with your +0 hand axe of chaos.
The orc hits you but does no damage. Menkaure hits you!
* * * LOW HITPOINT WARNING * * *
You take 9 damage, and have 16/61 hp.
You hit Menkaure with your +0 hand axe of chaos.
Menkaure is moderately damaged.
You hit the orc but do no damage. You hit Menkaure with your +0 spear.
The orc closely misses you.
You hit Menkaure but do no damage.
Menkaure is heavily damaged.
You hit Menkaure but do no damage.
You barely miss the orc with your +0 hand axe of chaos.
Menkaure closely misses you. The orc barely misses you.
You barely miss Menkaure with your +0 hand axe of chaos.
Menkaure is heavily damaged.
You hit the orc but do no damage. You hit Menkaure but do no damage.
The orc hits you but does no damage. Menkaure hits you!
* * * LOW HITPOINT WARNING * * *
You take 7 damage, and have 9/61 hp.
You barely miss Menkaure with your +0 hand axe of chaos.
Menkaure is heavily damaged.
You barely miss the orc with your +0 hand axe of chaos.
You hit Menkaure but do no damage. The orc barely misses you.
Menkaure hits you!
You die...
Xom laughs nastily!

######### ##########
#....>..# #........#
#......<# #........#
#.......#### #........#
####.......# ##........#
#.......# #'........#
#.......# ##........#
#####.......######........#
....'.......'..o@M........#
#####.......###.[#.....(..#
....#.........#..#........#
..............#..#......<.#
............#.#..####'#####
..............#.)# #.#
.....###'#'#.<#..####.#
.....###.######..#....#
.................#.#####


You could see Menkaure and an orc (resistant).

Vanquished Creatures
  Grinder (Sewer)
  Duvessa (D:5)
  2 kobold brigands (Sewer)
  A bullfrog (shapeshifter) (D:4)
  A bombardier beetle (D:5)
  Crazy Yiuf (D:2)
  An orc priest (D:4)
  Terence (D:2)
  Natasha (D:2)
  An orc wizard (D:4)
  A crocodile skeleton (Sewer)
  6 adders
  4 gnolls (D:4)
  3 shadow imps (Sewer)
  2 ufetubi (Sewer)
  5 ribbon worms
  3 dart slugs
  11 orcs
  6 bats
  8 endoplasms
  6 giant cockroaches
  5 goblins
  3 hobgoblins
  2 jackals (D:3)
  4 quokkas
  11 ball pythons
  6 frilled lizards
  16 kobolds
  4 kobold zombies (Sewer)
  5 rats
122 creatures vanquished.

Vanquished Creatures (collateral kills)
  A jelly (D:4)
1 creature vanquished.

Grand Total: 123 creatures vanquished

Notes
Turn   | Place    | Note
-------+----------+-------------------------------------------
     0 | D:1      | ezpacito the Coglin Chaos Knight began the quest for the
                  | Orb.
     0 | D:1      | Reached XP level 1. HP: 18/18 MP: 1/1
   130 | D:1      | Reached skill level 1 in Dodging
   130 | D:1      | Reached XP level 2. HP: 24/24 MP: 2/2
   248 | D:1      | XOM: silly message
   259 | D:1      | XOM: silly message
   723 | D:2      | Reached XP level 3. HP: 29/29 MP: 3/3
   732 | D:2      | XOM: silly message
   962 | D:2      | Found a basalt altar of Yredelemnul.
  1005 | D:2      | XOM: divination: detect items
  1027 | D:2      | XOM: silly message
  1138 | D:2      | Reached XP level 4. HP: 35/35 MP: 4/4
  1147 | D:2      | Noticed Natasha
  1154 | D:2      | Killed Natasha
  1187 | D:2      | Noticed Terence
  1193 | D:2      | XOM: silly message
  1194 | D:2      | XOM: silly message
  1199 | D:2      | Killed Terence
  1200 | D:2      | Reached skill level 1 in Evocations
  1203 | D:2      | Reached XP level 5. HP: 19/41 MP: 4/6
  1299 | D:2      | XOM: snakes to sticks
  1324 | D:2      | Found a runed translucent door.
  1325 | D:2      | Noticed Crazy Yiuf
  1658 | D:2      | XOM: give mutations
  1658 | D:2      | Gained mutation: You are partially covered in iridescent
                  | scales. (AC +2) [Xom's grace]
  1658 | D:2      | Gained mutation: You are somewhat resistant to further
                  | mutation. [Xom's grace]
  1658 | D:2      | Gained mutation: You expend magic power (3 MP) to
                  | strengthen your wands. [Xom's grace]
  1658 | D:2      | Gained mutation: Your mind is acute. (Int +4, Str/Dex -1)
                  | [Xom's grace]
  1790 | D:2      | Killed Crazy Yiuf
  1791 | D:2      | Reached skill level 1 in Polearms
  2074 | D:3      | Found a broken altar of Ashenzari.
  2093 | D:3      | XOM: god gift: potion of curing
  2163 | D:3      | Found a glowing drain.
  2170 | D:3      | Reached skill level 1 in Spellcasting
  2183 | Sewer    | Entered a sewer
  2293 | Sewer    | Reached skill level 1 in Stealth
  2318 | Sewer    | XOM: scenery: 1 fountains blood, 1 doors close
  2334 | Sewer    | Reached XP level 6. HP: 44/48 MP: 7/7
  2349 | Sewer    | Found an ancient bone altar of Kikubaaqudgha.
  2349 | Sewer    | XOM: scenery: 2 fountains blood, 1 doors open, 1 doors
                  | close
  2388 | Sewer    | Noticed Grinder
  2406 | Sewer    | Paralysed by Grinder for 4 turns
  2412 | Sewer    | XOM: fog
  2419 | Sewer    | Killed Grinder
  2420 | Sewer    | Reached skill level 1 in Alchemy
  2420 | Sewer    | Reached XP level 7. HP: 37/54 MP: 8/8
  2485 | Sewer    | XOM: enchant monster (good)
  2764 | D:3      | XOM: 1-stop teleportation journey
  2836 | D:4      | XOM: summons 7 friendly demons
  3071 | D:4      | XOM: 3-stop teleportation journey
  3243 | D:4      | XOM: cloud trail
  3611 | D:4      | a scorpion changed into a shapeshifter
  3611 | D:4      | Noticed a shapeshifter (shapeshifter)
  3611 | D:4      | XOM: polymorph scorpion -> shapeshifter
  3611 | D:4      | a shapeshifter changed into a bullfrog
  3664 | D:4      | XOM: god gift: 18 gold pieces
  3820 | D:5      | Entered Level 5 of the Dungeon
  3839 | D:5      | Noticed Duvessa
  3840 | D:5      | XOM: enchant monster (good)
  3859 | D:5      | Killed Duvessa
  3860 | D:5      | Reached XP level 8. HP: 59/61 MP: 10/10
  3872 | D:5      | Learned a level 4 spell: Fulminant Prism
  3872 | D:5      | Noticed Menkaure
  3876 | D:5      | XOM: scenery: create altars
  4213 | D:5      | XOM: butterfly on damage
  4214 | D:5      | XOM: divination: magic mapping
  4309 | D:5      | XOM: scenery: create altars
  4317 | D:4      | Slain by Menkaure

Illustrated notes

Levels and vault maps discovered:
D:1:      giann_bridges, layout_basic, serial_glass, glass_columns_a,
          glass_columns_b, glass_columns_a, glass_columns_a, glass_columns_a,
          minmay_strange_pillars, feat_on_display, minmay_3d_cube
D:2:      layout_basic, basic_altar, supply_closet_lemuel, st_stairs_1,
          uniq_natasha, uniq_terence, uniq_crazy_yiuf_cottage
D:3:      layout_rooms, evilmike_ruin_ashenzari, portal_sewer_entry_f
D:4:      layout_basic, nicolae_eternal_life
D:5:      layout_basic, lemuel_tele_altar, hangedman_decor_diamond_cutter,
          uniq_duvessa, uniq_pikel, uniq_menkaure

Skill      XL: |  1  2  3  4  5  6  7 |
---------------+----------------------+-----
Dodging        | 1 2 3 |  3.2
Armour         | 2 3 |  3.8
Evocations     | 1 2 |  2.5
Polearms       | 1 2 |  2.0
Spellcasting   | 1 |  1.7
Stealth        | 1 |  1.8
Fighting       | 4 |  4.6
Axes           | 4 |  4.7
Alchemy        | 1 |  1.8

Action                     |  1- 3 |  4- 6 |  7- 9 || total
---------------------------+-------+-------+-------++-------
  Melee: Dagger            |    55 |       |       ||    55
         Hand axe          |    75 |   141 |   128 ||   344
         Spear             |    25 |   159 |   157 ||   341
    Use: Scroll            |       |    10 |     1 ||    11
         Potion            |       |     6 |     1 ||     7
   Stab: Confused          |       |     2 |     2 ||     4
         Paralysed         |       |     1 |     4 ||     5
         Petrified         |       |       |    32 ||    32
 Armour: Leather armour    |    14 |       |       ||    14
         Chain mail        |    43 |   134 |   106 ||   283
         Skin              |     1 |       |       ||     1
  Dodge: Dodged            |    39 |    44 |    29 ||   112

Table legend: (Time is in decaauts)
 A = Elapsed time spent in this place.
 B = Non-inter-level travel time spent in this place.
 C = Inter-level travel time spent in this place.
 D = Time resting spent in this place.
 E = Time spent auto-exploring this place.
 F = Levels seen in this place.
 G = Mean time per level.
                   A        B        C        D        E       F      G
               +--------+--------+--------+--------+--------+-----+--------+
         Total |   4325 |   4185 |    140 |    374 |   2808 |   6 |  720.8 |
       Dungeon |   3873 |   3733 |    140 |    374 |   2564 |   5 |  774.6 |
         Sewer |    452 |    452 |      0 |      0 |    243 |   1 |  452.0 |
               +--------+--------+--------+--------+--------+-----+--------+

Top non-repeatable levels by time:
     D:4: 1410 daAuts
     D:2: 1212 daAuts
     D:1: 705 daAuts
     D:3: 467 daAuts
   Sewer: 452 daAuts
     D:5: 77 daAuts
